 Dungeon Sprint DCSS version 0.27.1 (webtiles) character file.

Game seed: 17206341358887539793

231 sasquatch the Grappler (level 5, -3/57 HPs)
             Began as a Troll Hunter on Aug 22, 2021.
             Was a Follower of the Shining One.
             Slain by a troll (7 damage)
             ... in the Dungeon (Sprint V: "Ziggurat Sprint").
             The game lasted 00:04:55 (178 turns).

sasquatch the Grappler (Troll Hunter)                Turns: 178, Time: 00:04:55

Health: -3/57      AC: 20    Str: 21    XL:     5   Next: 73%
Magic:  4/4        EV: -6    Int:  7    God:    the Shining One [*.....]
Gold:   0          SH: 25    Dex: 18    Spells: 4/4 levels left

rFire    + . .     SeeInvis .   p - +5 short sword of the Eel {freeze, Dex+8}
rCold    + . .     Faith    .   G - +18 shield of the Gong {rElec rN+ Will+ EV-5}
rNeg     + . .     Spirit   .   k - +5 gold dragon scales
rPois    +         Reflect  .   (helmet restricted)
rElec    +         Harm     .   (no cloak)
rCorr    .         Rampage  .   (gloves unavailable)
Will     +....     NoTele   +   (boots unavailable)
Stlth    ..........             (no amulet)
HPRegen  1.19/turn              (no ring)
MPRegen  0.09/turn              (no ring)

@: mighty, glowing
A: large, unfitting armour, claws 3, regeneration 1, shaggy fur 1, tough skin 1
a: Renounce Religion


You were in the Dungeon.
You worshipped the Shining One.
The Shining One was aware of your devotion.
You visited 1 branch

Inventory:

Hand Weapons
 p - the +5 short sword of the Eel (weapon) {freeze, Dex+8}
   (You found it in the Dungeon)

   It freezes those it strikes, dealing additional cold damage.
   It can also slow down cold-blooded creatures.
   Dex:       It affects your dexterity (+8).
Missiles
 c - 3 large rocks (quivered)
 d - 2 throwing nets
Armour
 b - a +0 robe
 k - +5 gold dragon scales (worn)
 l - a +3 tower shield
 G - the +18 shield of the Gong (worn) {rElec rN+ Will+ EV-5}
   (You found it in the Dungeon)

   It is deafeningly noisy when blocking attacks.
   EV:        It affects your evasion (-5).
   rElec:     It insulates you from electricity.
   rN:        It protects you from negative energy.
   Will:      It increases your willpower.
Jewellery
 z - a ring of flight
 A - a +6 ring of dexterity
 B - a +6 ring of dexterity
 C - a +6 ring of intelligence
 D - a +6 ring of intelligence
 E - a +6 ring of strength
 F - a +6 ring of strength
Wands
 w - a wand of mindburst (7)
 x - a wand of iceblast (7)
 y - a wand of acid (7)
Scrolls
 j - 4 scrolls of blinking
 r - 4 scrolls of amnesia
 s - 7 scrolls of fog
 t - a scroll of holy word
 u - 5 scrolls of identify
 v - 2 scrolls of fear
Potions
 e - 10 potions of curing
 f - 9 potions of heal wounds
 g - 6 potions of haste
 h - 7 potions of magic
 i - 3 potions of berserk rage
 m - 2 potions of brilliance
 n - 2 potions of invisibility
 o - 4 potions of resistance
 q - 4 potions of might


   Skills:
 + Level 5.4 Fighting
 - Level 6.3 Throwing
 + Level 2.0 Armour
 - Level 1.5 Dodging
 - Level 0.3 Stealth
 * Level 8.9 Unarmed Combat


You had 4 spell levels left.
You didn't know any spells.
Your spell library was empty.

Dungeon Overview and Level Annotations

Branches:
Dungeon (1/1)

Altars:
Ashenzari
Cheibriados
Dithmenos
Elyvilon
Fedhas
Gozag
Hepliaklqana
Kikubaaqudgha
Makhleb
Nemelex Xobeh
Okawaru
Qazlal
Ru
Sif Muna
Trog
Uskayaw
Vehumet
Wu Jian
Xom
Yredelemnul
Zin
The Shining One
Beogh
Jiyva
Lugonu

Annotations:
D 1 transporter


Innate Abilities, Weirdness & Mutations

You are too large for most types of armour.
You have claws for hands.
Your natural rate of healing is unusually fast.
You are covered in fur. (AC +1)
You have tough skin. (AC +1)


Message History

You block the troll's attack.
PTOANNNG!
The troll claws you! The troll claws you but does no damage.
You block the ogre's attack.
PANG!
The troll bites you but does no damage. You block the troll's attack.
GONNNNG!
The troll claws you! The cyclops hits you!!
* * * LOW HITPOINT WARNING * * *
You puncture the ogre! You freeze the ogre.
You kill the ogre!
You block the troll's attack.
PTOANNNG!
You block the troll's attack.
PANG!
The troll claws you but does no damage. The cyclops hits you.
* * * LOW HITPOINT WARNING * * *
Your Fighting skill increases to level 5!
Your Armour skill gained 2 levels and is now at level 2!
Your Unarmed Combat skill increases to level 8!
You feel much better. The troll bites you. You block the troll's attack.
GONNNNG!
You block the troll's attack.
GONNNNG!
You feel very mighty all of a sudden. The cyclops hits you!
* * * LOW HITPOINT WARNING * * *
You block the troll's attack.
PANG!
The troll claws you but does no damage. x2
You barely miss the troll. The troll bites you.
* * * LOW HITPOINT WARNING * * *
You block the troll's attack.
PANG!
You block the troll's attack.
BOUMMMMG!
The cyclops hits you!
* * * LOW HITPOINT WARNING * * *
The troll bites you!
You die...

▓▓▓▓▓▓▓▓▓▓▓▓▓
▓.8©8.▓.8©8.▓
▓.|[).▓..)..▓
▓...(.▓.)...▓
▓.....▓.....▓
▓...(.▓.....▓
▓.CT).▓..©..▓
▓..@..▓▓▓▓▓▓▓
▓▓▓▓▓▓▓


You could see a cyclops and a troll.

Vanquished Creatures
  A golden eye (D)
  An ogre (D)
  An endoplasm (D)
3 creatures vanquished.

Notes
Turn   | Place    | Note
-------+----------+-------------------------------------------
     0 | D        | sasquatch the Troll Hunter began the quest for the Orb.
     0 | D        | Reached XP level 1. HP: 19/19 MP: 0/0
     3 | D        | Found a blossoming altar of Fedhas.
     3 | D        | Found the +6 Majin-Bo {vamp, MP+6 Int+6}
     3 | D        | Found the +9 heavy crossbow "Sniper" {vorpal, Acc+∞ SInv}
     3 | D        | Found the +10 dark maul {vorpal}
     3 | D        | Found the +15 Maxwell's patent armour {-Cast -Tele rElec
                  | Will+ rCorr}
     3 | D        | Found the +18 shield of the Gong {rElec rN+ Will+ EV-5}
     3 | D        | Found the +14 obsidian axe {vorpal, Drain Fly SInv}
     3 | D        | Found the +7 great mace "Firestarter" {inner flame, rF++}
     3 | D        | Found the +6 shillelagh "Devastator" {shatter}
     3 | D        | Found the +11 plutonium sword {Contam Stlth-}
     3 | D        | Found the +8 lance "Wyrmbane" {slay drac, rPois rF+ rC+
                  | AC+3}
     3 | D        | Found the +9 sword of Zonguldrok {reap}
     3 | D        | Found the +13 scythe of Curses {drain, Drain}
     3 | D        | Found the +5 sword of Power {vorpal}
     3 | D        | Found the +7 mace of Variability {chain chaos}
     3 | D        | Found the +7 Singing Sword {vorpal, sonic wave}
     3 | D        | Found the +8 storm bow {elec, penet}
     7 | D        | Found a shimmering blue altar of Sif Muna.
     7 | D        | Found a sacrificial altar of Ru.
     7 | D        | Found a bloodstained altar of Trog.
     7 | D        | Found a stormy altar of Qazlal.
     7 | D        | Found an iron altar of Okawaru.
     7 | D        | Found a sparkling altar of Nemelex Xobeh.
     9 | D        | Found a transporter.
     9 | D        | Found an ancient bone altar of Kikubaaqudgha.
     9 | D        | Found a viscous altar of Jiyva.
     9 | D        | Found a corrupted altar of Lugonu.
     9 | D        | Found a hazy altar of Hepliaklqana.
     9 | D        | Found a burning altar of Makhleb.
     9 | D        | Found an opulent altar of Gozag.
    28 | D        | Reached skill level 5 in Unarmed Combat
    28 | D        | Reached XP level 2. HP: 31/31 MP: 1/1
    60 | D        | Became a worshipper of the Shining One
    78 | D        | Entered arena 2.
    78 | D        | Noticed a golden eye
    78 | D        | Found a transporter.
    83 | D        | Reached skill level 5 in Throwing
   126 | D        | Got the +5 short sword of the Eel {freeze, Dex+8}
   133 | D        | Killed a golden eye
   134 | D        | Reached skill level 7 in Unarmed Combat
   134 | D        | Reached XP level 3. HP: 41/41 MP: 2/2
   134 | D        | Reached XP level 4. HP: 49/49 MP: 3/3
   134 | D        | Reached XP level 5. HP: 55/55 MP: 4/4
   170 | D        | Entered arena 3.
   170 | D        | Noticed a troll
   170 | D        | Noticed a cyclops
   170 | D        | Reached * piety under the Shining One
   170 | D        | Noticed an ogre
   170 | D        | Found a transporter.
   175 | D        | Killed an ogre
   176 | D        | Reached skill level 5 in Fighting
   176 | D        | Reached skill level 8 in Unarmed Combat
   178 | D        | Slain by a troll

Illustrated notes

Levels and vault maps discovered:
D:        sprint_v [room_start, room_1, room_2, room_3, room_4, room_5, room_6,
          room_7, room_8, room_9, room_10, room_11, room_12, room_13, room_14,
          room_15, room_16, room_17, room_18, room_19, room_20, room_21,
          room_22, room_23, room_24, room_25, room_26, room_27]

Skill      XL: |  1  2  3  4  5 |
---------------+----------------+-----
Fighting       | 3 4 5 |  5.4
Throwing       | 4 6 |  6.3
Unarmed Combat | 5 7 8 |  8.9
Armour         | 2 |  2.0
Dodging        | |  1.5
Stealth        | |  0.3

Action                   |  1- 3 |  4- 6 || total
-------------------------+-------+-------++-------
Melee: Short sword       |    14 |     4 ||    18
Throw: Large rock        |       |     2 ||     2
  Use: Potion            |     1 |     2 ||     3
Armor: Gold dragon scale |       |     6 ||     6
Block: Kite shield       |     2 |    15 ||    17
